cohdb
Replays
Latest Replays
All Replays
Popular Replays
Top Player Replays
Match Explorer
How It Works
Community
CoH3 Stats
Reddit
Sign in to upload your games and track your stats! →
Sign in with Steam
Match 39828764
Unlisted
Match 39828764
Overview
Messages
Build Orders
End
Construct Infanterie Kompanie
Pioneer Squad
MG 42 Machine Gun Team
GrW 34 Mortar Team
Grenadier Squad
Construct Panzergrenadier Kompanie
Panzergrenadier Squad
Panzergrenadier Squad
Panzergrenadier Officer Quarters
Medical Bunker
Construct Panzer Kompanie
Selects Terror Battlegroup
Selects Terror Battlegroup
Selects Contempt for the Weak
Selects Propaganda Leaflet Drop
Propaganda Leaflet Drop
Panzer IV Medium Tank
Kanade
davidj217
rickysheuS03
小小黑
pp123p
Ghost
Alika-v
PÖRR8
0
0
Comments
sign in to comment!
No comments posted yet!